AA
KANSAS CITY T-BONES @ WINNIPEG GOLDEYES
09/06/2080
 
TOP OF THE 1ST
Milwaukee (AZL) Brewers batting - Pitching for Texas (AZL) Rangers : RHP Manuel Rios
Pitching: RHP Manuel Rios
Batting: RHB Luc Rice 0-0: Called Strike
0-1: Foul Ball, location: 2F
0-2: Ball
1-2: Ball
2-2: Strikes out swinging
Batting: RHB James Hill 0-0: Called Strike
0-1: Ground out 5-3 (Groundball, 56S, EV 69.4 MPH)
Batting: LHB Curtis Johnson 0-0: Ground out 4-3 (Groundball, 4, EV 100.6 MPH)
Top of the 1st over - 0 runs, 0 hits, 0 errors, 0 left on base; Milwaukee (AZL) 0 - Texas (AZL) 0
BOTTOM OF THE 1ST
Texas (AZL) Rangers batting - Pitching for Milwaukee (AZL) Brewers : RHP Alberto Pina
Pitching: RHP Alberto Pina
Batting: RHB Kelly Keizer 0-0: Ball
1-0: SINGLE (Line Drive, 9S, EV 98.1 MPH)
Batting: SHB Jim Ostrom 0-0: Foul Ball, location: 2F
0-1: Foul Ball, location: 2F
0-2: Hit by Pitch
Kelly Keizer to second
Batting: LHB Elliott Rhoades 0-0: Ball
1-0: Grounds into double play, 5-4-3 (Groundball, 5, EV 87.5 MPH)
Kelly Keizer to third
Batting: RHB Dwayne Whitmore 0-0: Ball
1-0: Swinging Strike
1-1: Foul Ball, location: 2F
1-2: Foul Ball, location: 2F
1-2: Ball
2-2: Strikes out swinging
Bottom of the 1st over - 0 runs, 1 hit, 0 errors, 1 left on base; Milwaukee (AZL) 0 - Texas (AZL) 0
TOP OF THE 2ND
Milwaukee (AZL) Brewers batting - Pitching for Texas (AZL) Rangers : RHP Manuel Rios
Batting: RHB Matt Morgan 0-0: Called Strike
0-1: Ball
1-1: Swinging Strike
1-2: Ball
2-2: Ball
3-2: Foul Ball, location: 2F
3-2: Foul Ball, location: 2F
3-2: Foul Ball, location: 2F
3-2: Strikes out swinging
Batting: RHB Roger (Eben) Long 0-0: Ball
1-0: Ball
2-0: Called Strike
2-1: Foul Ball, location: 2F
2-2: Foul Ball, location: 2F
2-2: Ball
3-2: Foul Ball, location: 2F
3-2: Foul Ball, location: 2F
3-2: Base on Balls
Batting: SHB Zachary Wiatrak 0-0: Ball
1-0: Ball
2-0: Fielders Choice at 2nd, 4-6 (Groundball, 4, EV 81.9 MPH)
Batting: LHB Colt Young 0-0: Ball
1-0: Called Strike
1-1: Ball
2-1: Foul Ball, location: 2F
2-2: Foul Ball, location: 2F
2-2: Ball
3-2: Strikes out swinging
Top of the 2nd over - 0 runs, 0 hits, 0 errors, 1 left on base; Milwaukee (AZL) 0 - Texas (AZL) 0
BOTTOM OF THE 2ND
Texas (AZL) Rangers batting - Pitching for Milwaukee (AZL) Brewers : RHP Alberto Pina
Batting: LHB Alex Leoniedas 0-0: Ball
1-0: Foul Ball, location: 2F
1-1: DOUBLE (Line Drive, 78D, EV 113.1 MPH)
Batting: RHB Giampaolo Raimundi 0-0: Swinging Strike
0-1: Swinging Strike
0-2: Ball
1-2: Ball
2-2: Strikes out swinging
Batting: RHB Ryan Jones 0-0: Called Strike
0-1: Swinging Strike
0-2: Ground out 4-3 (Groundball, 4, EV 110.0 MPH)
Alex Leoniedas to third
Batting: RHB Pat Wickson 0-0: Called Strike
0-1: Ball
1-1: Ball
2-1: Foul Ball, location: 2F
2-2: Ball
3-2: Strikes out looking
Bottom of the 2nd over - 0 runs, 1 hit, 0 errors, 1 left on base; Milwaukee (AZL) 0 - Texas (AZL) 0
TOP OF THE 3RD
Milwaukee (AZL) Brewers batting - Pitching for Texas (AZL) Rangers : RHP Manuel Rios
Batting: RHB Chris Walker 0-0: Called Strike
0-1: Reached on error, E5 (Groundball, 5S, EV 61.9 MPH)
Pitching: RHP Orber Marrero
Batting: RHB Belmiro Morujo 0-0: Ball
1-0: Grounds into double play, 4-6-3 (Groundball, 34, EV 85.0 MPH)
Batting: RHB Luc Rice 0-0: Foul Ball, location: 2F
0-1: Foul Ball, location: 2F
0-2: Strikes out swinging
Top of the 3rd over - 0 runs, 0 hits, 1 error, 0 left on base; Milwaukee (AZL) 0 - Texas (AZL) 0
BOTTOM OF THE 3RD
Texas (AZL) Rangers batting - Pitching for Milwaukee (AZL) Brewers : RHP Alberto Pina
Batting: RHB Joey Clemens 0-0: SINGLE (Groundball, 4M, EV 99.4 MPH)
Batting: RHB Kelly Keizer 0-0: SINGLE (Line Drive, 5D, EV 98.1 MPH)
Joey Clemens to second
Batting: SHB Jim Ostrom 0-0: Fielders Choice at 2nd, 3-6 (Groundball, 34S, EV 91.9 MPH)
Joey Clemens to third
Batting: LHB Elliott Rhoades 0-0: Called Strike
0-1: Fly out, F6 (Popup, 6MS, EV 86.2 MPH)
Batting: RHB Dwayne Whitmore 0-0: Called Strike
0-1: Foul Ball, location: 2F
0-2: Ball
1-2: Ground out 5-3 (Groundball, 56S, EV 80.6 MPH)
Bottom of the 3rd over - 0 runs, 2 hits, 0 errors, 2 left on base; Milwaukee (AZL) 0 - Texas (AZL) 0
TOP OF THE 4TH
Milwaukee (AZL) Brewers batting - Pitching for Texas (AZL) Rangers : RHP Orber Marrero
Batting: RHB James Hill 0-0: Swinging Strike
0-1: Foul Ball, location: 2F
0-2: Strikes out swinging
Batting: LHB Curtis Johnson 0-0: Swinging Strike
0-1: Reached on error, E3 (Groundball, 13, EV 82.5 MPH)
Batting: RHB Matt Morgan 0-0: Swinging Strike
0-1: Ball
1-1: Ball
2-1: Ball
3-1: Base on Balls
Batting: RHB Roger (Eben) Long 0-0: Swinging Strike
0-1: Called Strike
0-2: Foul Ball, location: 2F
0-2: Ball
1-2: Fly out, F8 (Flyball, 8RM, EV 93.8 MPH)
Batting: SHB Zachary Wiatrak 0-0: Called Strike
0-1: Ball
1-1: Called Strike
1-2: Ball
2-2: Ball
3-2: Base on Balls
Curtis Johnson to third
Matt Morgan to second
Batting: LHB Colt Young 0-0: Foul Ball, location: 2F
0-1: Called Strike
0-2: Strikes out swinging
Top of the 4th over - 0 runs, 0 hits, 1 error, 3 left on base; Milwaukee (AZL) 0 - Texas (AZL) 0
BOTTOM OF THE 4TH
Texas (AZL) Rangers batting - Pitching for Milwaukee (AZL) Brewers : RHP Alberto Pina
Batting: LHB Alex Leoniedas 0-0: Called Strike
0-1: Ground out U3 (Groundball, 3, EV 80.0 MPH)
Batting: RHB Giampaolo Raimundi 0-0: Swinging Strike
0-1: Foul Ball, location: 2F
0-2: Ball
1-2: Ball
2-2: Strikes out swinging
Batting: RHB Ryan Jones 0-0: Foul Ball, location: 2F
0-1: Swinging Strike
0-2: Ball
1-2: Strikes out looking
Bottom of the 4th over - 0 runs, 0 hits, 0 errors, 0 left on base; Milwaukee (AZL) 0 - Texas (AZL) 0
TOP OF THE 5TH
Milwaukee (AZL) Brewers batting - Pitching for Texas (AZL) Rangers : RHP Orber Marrero
Batting: RHB Chris Walker 0-0: Foul Ball, location: 2F
0-1: Called Strike
0-2: Ball
1-2: Strikes out swinging
Batting: RHB Belmiro Morujo 0-0: Ball
1-0: Ball
2-0: Called Strike
2-1: Foul Ball, location: 2F
2-2: Strikes out swinging
Batting: RHB Luc Rice 0-0: Foul Ball, location: 2F
0-1: Ground out 6-3 (Groundball, 56, EV 106.9 MPH)
Top of the 5th over - 0 runs, 0 hits, 0 errors, 0 left on base; Milwaukee (AZL) 0 - Texas (AZL) 0
BOTTOM OF THE 5TH
Texas (AZL) Rangers batting - Pitching for Milwaukee (AZL) Brewers : RHP Alberto Pina
Batting: RHB Pat Wickson 0-0: Ball
1-0: Ball
2-0: Ball
3-0: Base on Balls
Batting: RHB Joey Clemens 0-0: Bunt missed!
0-1: Bunted foul
0-2: Ball
1-2: Foul Ball, location: 2F
1-2: Ball
2-2: Foul Ball, location: 2F
2-2: Foul Ball, location: 2F
2-2: SINGLE (Groundball, 34S, EV 87.5 MPH) (infield hit)
Pat Wickson to second
Batting: RHB Kelly Keizer 0-0: Bunted foul
0-1: Bunt missed!
0-2: Ball
1-2: Ball
2-2: SINGLE (Groundball, 56, EV 94.4 MPH)
Pat Wickson to third
Joey Clemens to second
Pinch Hitting: LHB Bobby Adolph 0-0: Grounds into fielders choice 3-2 (Groundball, 34S, EV 69.4 MPH)
Joey Clemens to third
Kelly Keizer to second
Batting: LHB Elliott Rhoades 0-0: SINGLE (Line Drive, 34D, EV 106.9 MPH)
Joey Clemens scores
Kelly Keizer to third
Bobby Adolph to second
Runner from 3rd tries for Home, SAFE, throw by RF to home
Batting: RHB Dwayne Whitmore 0-0: Ball
1-0: Grounds into double play, 6-4-3 (Groundball, 6M, EV 95.6 MPH)
Bottom of the 5th over - 2 runs, 3 hits, 0 errors, 1 left on base; Milwaukee (AZL) 0 - Texas (AZL) 2
TOP OF THE 6TH
Milwaukee (AZL) Brewers batting - Pitching for Texas (AZL) Rangers : RHP Orber Marrero
Now at 3B: Brian Ashton
Batting: RHB James Hill 0-0: Ball
1-0: Ball
2-0: Reached on error, E6 (Groundball, 6M, EV 106.9 MPH)
Pitching: RHP Matt Hernandez
Batting: LHB Curtis Johnson 0-0: Fly out, F7 (Flyball, 7LM, EV 92.5 MPH)
Pinch Hitting: LHB Bill Oakley 0-0: Foul Ball, location: 2F
0-1: Ball
1-1: Called Strike
1-2: Reached on error, E9 (Flyball, 9S, EV 85.0 MPH)
James Hill to second
Batting: RHB Roger (Eben) Long 0-0: Called Strike
0-1: Foul Ball, location: 2F
0-2: Ball
1-2: Fielders Choice at 2nd, 5-4 (Groundball, 5, EV 96.9 MPH)
James Hill to third
Batting: SHB Zachary Wiatrak 0-0: Ball
1-0: Fly out, F8 (Flyball, 78D, EV 91.2 MPH)
Top of the 6th over - 0 runs, 0 hits, 2 errors, 2 left on base; Milwaukee (AZL) 0 - Texas (AZL) 2
BOTTOM OF THE 6TH
Texas (AZL) Rangers batting - Pitching for Milwaukee (AZL) Brewers : RHP Alberto Pina
Now in LF: Bill Oakley
Batting: LHB Alex Leoniedas 0-0: Ball
1-0: DOUBLE (Flyball, 8RXD, EV 100.0 MPH)
Batting: RHB Giampaolo Raimundi 0-0: Ball
1-0: Called Strike
1-1: Called Strike
1-2: Ball
2-2: Ball
3-2: Base on Balls
Batting: RHB Ryan Jones 0-0: Sac Bunt to 23 - play at first, batter OUT! 3-4
Alex Leoniedas to third
Giampaolo Raimundi to second
Batting: RHB Pat Wickson 0-0: Ball
1-0: Fly out, F9 (Flyball, 89D, EV 108.1 MPH)
Runner from 3rd tags up, OUT at HOME! 9-2
Bottom of the 6th over - 0 runs, 1 hit, 0 errors, 1 left on base; Milwaukee (AZL) 0 - Texas (AZL) 2
TOP OF THE 7TH
Milwaukee (AZL) Brewers batting - Pitching for Texas (AZL) Rangers : RHP Matt Hernandez
Batting: LHB Colt Young 0-0: Called Strike
0-1: Ball
1-1: Foul Ball, location: 2F
1-2: Fly out, F6 (Flyball, 6MD, EV 92.5 MPH)
Batting: RHB Chris Walker 0-0: Ball
1-0: Called Strike
1-1: Ball
2-1: Ball
3-1: Swinging Strike
3-2: Strikes out looking
Batting: RHB Belmiro Morujo 0-0: Ball
1-0: Foul Ball, location: 2F
1-1: Foul Ball, location: 2F
1-2: Strikes out swinging
Top of the 7th over - 0 runs, 0 hits, 0 errors, 0 left on base; Milwaukee (AZL) 0 - Texas (AZL) 2
BOTTOM OF THE 7TH
Texas (AZL) Rangers batting - Pitching for Milwaukee (AZL) Brewers : RHP Alberto Pina
Pinch Hitting: LHB Carlos Eres 0-0: Ball
1-0: Called Strike
1-1: Foul Ball, location: 2F
1-2: Ground out U3 (Groundball, 3, EV 80.0 MPH)
Batting: RHB Kelly Keizer 0-0: Ball
1-0: SINGLE (Groundball, 6M, EV 76.2 MPH) (infield hit)
Pinch Hitting: LHB Jaime Reyes 0-0: Ball
1-0: Called Strike
1-1: Called Strike
1-2: Ball
2-2: Foul Ball, location: 2F
2-2: Fielders Choice at 2nd, 2-4 (Groundball, 2L, EV 66.2 MPH)
Batting: LHB Elliott Rhoades 0-0: Swinging Strike
0-1: Foul Ball, location: 2F
0-2: Strikes out looking
Bottom of the 7th over - 0 runs, 1 hit, 0 errors, 1 left on base; Milwaukee (AZL) 0 - Texas (AZL) 2
TOP OF THE 8TH
Milwaukee (AZL) Brewers batting - Pitching for Texas (AZL) Rangers : RHP Matt Hernandez
Now at 2B: Chris Romgro
Now at 3B: Brian Reardon
Pinch Hitting: LHB Mitch Pogue 0-0: Called Strike
0-1: Ball
1-1: SINGLE (Groundball, 34, EV 98.1 MPH)
Pinch Hitting: LHB Jim Graunke 0-0: Fielders Choice at 2nd, 4-6 (Groundball, 4, EV 80.0 MPH)
Batting: LHB Curtis Johnson 0-0: Ball
Passed Ball!
Jim Graunke to second
1-0: Called Strike
1-1: Ball
2-1: Fly out, F8 (Flyball, 8RXD, EV 91.9 MPH)
Batting: LHB Bill Oakley 0-0: Called Strike
0-1: Ground out 5-3 (Groundball, 5, EV 100.0 MPH)
Top of the 8th over - 0 runs, 1 hit, 0 errors, 1 left on base; Milwaukee (AZL) 0 - Texas (AZL) 2
BOTTOM OF THE 8TH
Texas (AZL) Rangers batting - Pitching for Milwaukee (AZL) Brewers : RHP Alberto Pina
Now at 3B: Ben Craig
Now at SS: Ricky Hoyos
Pinch Hitting: LHB Juan Mandujano 0-0: Called Strike
0-1: SINGLE (Groundball, 34S, EV 68.8 MPH) (infield hit)
Batting: LHB Alex Leoniedas 0-0: Fielders Choice at 2nd, 4-6 (Groundball, 4, EV 87.5 MPH)
Batting: RHB Giampaolo Raimundi 0-0: Ball
1-0: Ball
2-0: Foul Ball, location: 2F
2-1: Swinging Strike
2-2: Strikes out swinging
Batting: RHB Ryan Jones 0-0: Ball
1-0: Ground out 4-3 (Groundball, 34, EV 85.6 MPH)
Bottom of the 8th over - 0 runs, 1 hit, 0 errors, 1 left on base; Milwaukee (AZL) 0 - Texas (AZL) 2
TOP OF THE 9TH
Milwaukee (AZL) Brewers batting - Pitching for Texas (AZL) Rangers : RHP Matt Hernandez
Pitching: RHP Nathan Upton
Now in LF: Frank Spicer
Batting: RHB Roger (Eben) Long 0-0: Ball
1-0: Ball
2-0: Called Strike
2-1: Foul Ball, location: 2F
2-2: Ball
3-2: Base on Balls
Batting: SHB Zachary Wiatrak 0-0: Called Strike
0-1: Ball
1-1: Called Strike
1-2: Strikes out swinging
Batting: LHB Colt Young 0-0: Called Strike
0-1: Fly out, F7 (Flyball, 7, EV 88.1 MPH)
Pinch Hitting: RHB Kyle LaFond 0-0: Ball
1-0: Called Strike
1-1: Ball
2-1: Foul Ball, location: 2F
2-2: Strikes out swinging
Top of the 9th over - 0 runs, 0 hits, 0 errors, 1 left on base; Milwaukee (AZL) 0 - Texas (AZL) 2
Wednesday, July 27th , 2022 - OOTP Baseball 23.5 Build 73